 
                        
                    2128 views
Uploaded 2019-12-02 01:58:19
Game version 1.32.0.3 / 1.32.0.3.1
22:29 long 3on3 ladder game on (6)Monsoon_LV
Saved by BEARAND
                        
                         
                     
                        
                    2128 views
Uploaded 2019-12-02 01:58:19
Game version 1.32.0.3 / 1.32.0.3.1
22:29 long 3on3 ladder game on (6)Monsoon_LV
 
     
     
     
     
     
     
     
 
    
 
    
 
     
 57 units @ 3.9k
            
            
                57 units @ 3.9k  / 0k
 / 0k  206 buildings @ 16.8k
            
            
                206 buildings @ 16.8k  / 8.6k
 / 8.6k  
            
        


 
                         
                             
                             
                         
                             
                             
                         
                             
                            | Healing Salve | 1 | 100 | 
| Lesser Clarity Potion | 1 | 70 | 
| Orb of Lightning | 3 | 1125 | 
| Staff of Teleportation | 3 | 450 | 
| Boots of Speed | 3 | 750 | 
| Circlet of Nobility | 1 | 175 | 
| Periapt of Vitality | 2 | 650 | 
| Staff of Sanctuary | 3 | 750 | 
| total: | 17 | 4070g | 
| Peon | 14 | 1050 | / | 0 | 
| total: | 14 | 1050g | / | 0w | 
| Watch Tower | 52 | 5720 | / | 4160 | 
| Altar of Storms | 1 | 180 | / | 50 | 
| Orc Burrow | 3 | 480 | / | 120 | 
| War Mill | 1 | 205 | / | 0 | 
| Voodoo Lounge | 7 | 910 | / | 210 | 
| Great Hall | 1 | 385 | / | 185 | 
| Stronghold | 1 | 315 | / | 190 | 
| Fortress | 1 | 325 | / | 190 | 
| total: | 65 | 7880g | / | 4725w | 
| 0:04 | Peon | 
| 0:09 | Altar of Storms | 
| 0:24 | Orc Burrow | 
| 0:31 | Peon | 
| 0:32 | Peon | 
| 0:34 | War Mill | 
| 0:46 | Voodoo Lounge | 
| 0:50 | Voodoo Lounge | 
| 0:55 | Peon | 
| 1:04 | Peon | 
| 1:28 | Peon | 
| 1:28 | Peon | 
| 1:39 | Peon | 
| 1:51 | Peon | 
| 2:07 | Orc Burrow | 
| 2:11 | Peon | 
| 2:13 | Healing Salve | 
| 2:15 | Lesser Clarity Potion | 
| 2:17 | Wind Walk | 
| 2:29 | Watch Tower | 
| 3:14 | Watch Tower | 
| 3:14 | Watch Tower | 
| 3:15 | Watch Tower | 
| 3:27 | Stronghold | 
| 4:18 | Watch Tower | 
| 4:19 | Watch Tower | 
| 4:19 | Watch Tower | 
| 4:32 | Staff of Teleportation | 
| 4:32 | Boots of Speed | 
| 4:32 | Circlet of Nobility | 
| 4:41 | Spiked Barricades | 
| 4:50 | Voodoo Lounge | 
| 4:52 | Voodoo Lounge | 
| 5:42 | Watch Tower | 
| 5:43 | Watch Tower | 
| 5:56 | Fortress | 
| 6:01 | Critical Strike | 
| 7:14 | Watch Tower | 
| 7:14 | Watch Tower | 
| 7:35 | Healing Wave | 
| 8:11 | Staff of Teleportation | 
| 8:11 | Boots of Speed | 
| 8:13 | Periapt of Vitality | 
| 8:36 | Orc Burrow | 
| 8:40 | Watch Tower | 
| 8:41 | Watch Tower | 
| 10:14 | Voodoo Lounge | 
| 10:16 | Voodoo Lounge | 
| 10:20 | Voodoo Lounge | 
| 10:24 | Orb of Lightning | 
| 10:30 | Shockwave | 
| 11:01 | Staff of Teleportation | 
| 11:01 | Boots of Speed | 
| 11:11 | Periapt of Vitality | 
| 11:55 | Wind Walk | 
| 12:03 | Hex | 
| 12:20 | Orb of Lightning | 
| 12:21 | Orb of Lightning | 
| 12:26 | Staff of Sanctuary | 
| 12:36 | Staff of Sanctuary | 
| 12:45 | Reinforced Defenses | 
| 12:46 | Watch Tower | 
| 12:46 | Watch Tower | 
| 12:47 | Watch Tower | 
| 12:47 | Watch Tower | 
| 12:47 | Watch Tower | 
| 13:40 | Great Hall | 
| 13:43 | Watch Tower | 
| 13:44 | Watch Tower | 
| 13:45 | Watch Tower | 
| 14:26 | Endurance Aura | 
| 14:51 | Watch Tower | 
| 14:51 | Watch Tower | 
| 14:52 | Watch Tower | 
| 14:52 | Watch Tower | 
| 16:10 | Critical Strike | 
| 16:33 | Peon | 
| 16:34 | Peon | 
| 16:34 | Peon | 
| 16:34 | Peon | 
| 16:37 | Watch Tower | 
| 16:38 | Watch Tower | 
| 16:38 | Watch Tower | 
| 16:39 | Watch Tower | 
| 16:50 | Staff of Sanctuary | 
| 16:56 | Healing Wave | 
| 17:22 | Watch Tower | 
| 17:23 | Watch Tower | 
| 17:24 | Watch Tower | 
| 17:26 | Watch Tower | 
| 17:31 | Improved Spiked Barricades | 
| 17:42 | Watch Tower | 
| 17:43 | Watch Tower | 
| 17:46 | Watch Tower | 
| 17:47 | Watch Tower | 
| 18:16 | Watch Tower | 
| 18:16 | Watch Tower | 
| 18:17 | Watch Tower | 
| 18:17 | Watch Tower | 
| 18:18 | Watch Tower | 
| 18:18 | Watch Tower | 
| 19:06 | Shockwave | 
| 20:53 | Watch Tower | 
| 20:54 | Watch Tower | 
| 20:55 | Watch Tower | 
| 20:55 | Watch Tower | 
| 20:58 | Watch Tower | 
| 20:58 | Watch Tower | 
| 20:59 | Watch Tower | 
| 21:00 | Watch Tower | 
| 21:44 | Hex | 
| 21:50 | Critical Strike | 
| 21:59 | Watch Tower | 
| 22:08 | Endurance Aura | 
| Right click | 1297 | 
| Select group | 795 | 
| Chat | 175 | 
| Select | 155 | 
| Misc. action | 99 | 
| Build/train/purchase | 84 | 
| Use ability | 58 | 
| Item give/drop | 18 | 
| Minimap ping | 13 | 
| Assign group | 8 | 
| Esc | 1 | 



 
                         x1)
 x1) 
                             
                             
                         
                             
                             
                         
                             
                            | Staff of Sanctuary | 1 | 250 | 
| Boots of Speed | 3 | 750 | 
| Staff of Teleportation | 3 | 450 | 
| Tome of Retraining | 1 | 300 | 
| total: | 8 | 1750g | 
| Peasant | 14 | 1050 | / | 0 | 
| Priest | 1 | 135 | / | 10 | 
| total: | 15 | 1185g | / | 10w | 
| Scout Tower | 106 | 3180 | / | 2120 | 
| Arcane Tower | 14 | 980 | / | 700 | 
| Guard Tower | 38 | 2660 | / | 1900 | 
| Altar of Kings | 1 | 180 | / | 50 | 
| Farm | 4 | 320 | / | 80 | 
| Lumber Mill | 1 | 120 | / | 0 | 
| Arcane Vault | 7 | 910 | / | 210 | 
| Town Hall | 1 | 385 | / | 205 | 
| Arcane Sanctum | 1 | 150 | / | 140 | 
| Keep | 1 | 320 | / | 210 | 
| Castle | 1 | 360 | / | 210 | 
| total: | 121 | 5245g | / | 2805w | 
| 0:02 | Peasant | 
| 0:02 | Peasant | 
| 0:06 | Altar of Kings | 
| 0:10 | Peasant | 
| 0:18 | Farm | 
| 0:19 | Farm | 
| 0:27 | Peasant | 
| 0:36 | Lumber Mill | 
| 0:43 | Peasant | 
| 0:54 | Peasant | 
| 1:24 | Peasant | 
| 1:31 | Peasant | 
| 1:43 | Scout Tower | 
| 1:44 | Scout Tower | 
| 1:45 | Scout Tower | 
| 1:50 | Scout Tower | 
| 1:51 | Scout Tower | 
| 1:51 | Scout Tower | 
| 1:54 | Scout Tower | 
| 1:55 | Scout Tower | 
| 1:55 | Scout Tower | 
| 1:57 | Scout Tower | 
| 1:58 | Scout Tower | 
| 1:59 | Scout Tower | 
| 1:59 | Scout Tower | 
| 2:00 | Peasant | 
| 2:05 | Scout Tower | 
| 2:05 | Scout Tower | 
| 2:05 | Scout Tower | 
| 2:06 | Summon Water Elemental | 
| 2:14 | Arcane Tower | 
| 2:15 | Peasant | 
| 2:21 | Arcane Tower | 
| 2:39 | Guard Tower | 
| 2:40 | Guard Tower | 
| 2:51 | Guard Tower | 
| 2:59 | Guard Tower | 
| 3:01 | Guard Tower | 
| 3:04 | Scout Tower | 
| 3:06 | Scout Tower | 
| 3:19 | Guard Tower | 
| 3:25 | Guard Tower | 
| 3:38 | Guard Tower | 
| 3:50 | Guard Tower | 
| 4:01 | Brilliance Aura | 
| 4:27 | Keep | 
| 4:44 | Scout Tower | 
| 4:44 | Scout Tower | 
| 4:45 | Scout Tower | 
| 4:45 | Scout Tower | 
| 4:46 | Scout Tower | 
| 4:46 | Scout Tower | 
| 4:56 | Guard Tower | 
| 4:58 | Scout Tower | 
| 4:58 | Scout Tower | 
| 4:59 | Scout Tower | 
| 4:59 | Scout Tower | 
| 5:17 | Guard Tower | 
| 5:24 | Farm | 
| 5:29 | Guard Tower | 
| 5:41 | Guard Tower | 
| 5:44 | Scout Tower | 
| 5:51 | Guard Tower | 
| 5:58 | Farm | 
| 6:40 | Guard Tower | 
| 6:43 | Improved Masonry | 
| 6:47 | Scout Tower | 
| 6:50 | Scout Tower | 
| 6:51 | Scout Tower | 
| 6:52 | Scout Tower | 
| 6:55 | Castle | 
| 7:11 | Arcane Vault | 
| 7:11 | Arcane Vault | 
| 7:15 | Arcane Vault | 
| 7:36 | Arcane Sanctum | 
| 7:53 | Boots of Speed | 
| 7:53 | Staff of Teleportation | 
| 7:55 | Staff of Teleportation | 
| 7:58 | Storm Bolt | 
| 8:15 | Guard Tower | 
| 8:17 | Scout Tower | 
| 8:17 | Scout Tower | 
| 8:33 | Town Hall | 
| 8:36 | Scout Tower | 
| 8:40 | Scout Tower | 
| 8:50 | Magic Sentry | 
| 9:25 | Guard Tower | 
| 9:27 | Scout Tower | 
| 9:33 | Scout Tower | 
| 9:33 | Scout Tower | 
| 9:34 | Scout Tower | 
| 10:00 | Guard Tower | 
| 10:02 | Scout Tower | 
| 10:03 | Scout Tower | 
| 10:03 | Scout Tower | 
| 10:04 | Scout Tower | 
| 10:15 | Guard Tower | 
| 10:17 | Scout Tower | 
| 10:18 | Scout Tower | 
| 10:18 | Scout Tower | 
| 10:18 | Scout Tower | 
| 10:19 | Guard Tower | 
| 10:32 | Guard Tower | 
| 10:37 | Arcane Vault | 
| 10:42 | Arcane Vault | 
| 10:52 | Arcane Vault | 
| 10:52 | Arcane Vault | 
| 10:58 | Holy Light | 
| 11:02 | Summon Water Elemental | 
| 11:10 | Guard Tower | 
| 11:12 | Scout Tower | 
| 11:12 | Scout Tower | 
| 11:13 | Guard Tower | 
| 11:49 | Guard Tower | 
| 11:50 | Scout Tower | 
| 12:03 | Boots of Speed | 
| 12:03 | Staff of Teleportation | 
| 12:05 | Boots of Speed | 
| 12:26 | Bash | 
| 12:43 | Guard Tower | 
| 12:46 | Scout Tower | 
| 12:47 | Scout Tower | 
| 12:47 | Scout Tower | 
| 12:51 | Scout Tower | 
| 12:52 | Scout Tower | 
| 12:52 | Scout Tower | 
| 12:53 | Scout Tower | 
| 12:53 | Scout Tower | 
| 12:54 | Scout Tower | 
| 12:55 | Peasant | 
| 12:55 | Peasant | 
| 12:55 | Peasant | 
| 12:56 | Peasant | 
| 13:07 | Arcane Tower | 
| 13:11 | Scout Tower | 
| 13:11 | Scout Tower | 
| 13:12 | Scout Tower | 
| 13:12 | Scout Tower | 
| 13:12 | Scout Tower | 
| 13:13 | Scout Tower | 
| 13:13 | Scout Tower | 
| 13:14 | Scout Tower | 
| 13:17 | Scout Tower | 
| 13:18 | Scout Tower | 
| 13:19 | Scout Tower | 
| 13:19 | Scout Tower | 
| 13:20 | Scout Tower | 
| 13:21 | Scout Tower | 
| 13:23 | Divine Shield | 
| 13:34 | Tome of Retraining | 
| 13:34 | Retrain Hero | 
| 13:35 | Blizzard | 
| 13:35 | Brilliance Aura | 
| 13:35 | Blizzard | 
| 13:53 | Arcane Tower | 
| 14:39 | Staff of Sanctuary | 
| 15:07 | Guard Tower | 
| 15:23 | Scout Tower | 
| 15:23 | Scout Tower | 
| 15:24 | Scout Tower | 
| 15:24 | Scout Tower | 
| 15:25 | Scout Tower | 
| 15:25 | Scout Tower | 
| 15:26 | Scout Tower | 
| 15:26 | Scout Tower | 
| 15:28 | Arcane Tower | 
| 15:29 | Arcane Tower | 
| 15:35 | Scout Tower | 
| 15:35 | Scout Tower | 
| 15:36 | Scout Tower | 
| 15:36 | Scout Tower | 
| 15:37 | Scout Tower | 
| 15:37 | Scout Tower | 
| 15:39 | Scout Tower | 
| 15:40 | Scout Tower | 
| 15:40 | Scout Tower | 
| 15:42 | Priest | 
| 15:42 | Priest Adept Training | 
| 15:43 | Sorceress Adept Training | 
| 15:50 | Storm Bolt | 
| 16:49 | Scout Tower | 
| 16:50 | Scout Tower | 
| 16:50 | Scout Tower | 
| 16:51 | Scout Tower | 
| 16:53 | Scout Tower | 
| 16:53 | Scout Tower | 
| 16:59 | Scout Tower | 
| 17:00 | Scout Tower | 
| 17:00 | Scout Tower | 
| 17:01 | Scout Tower | 
| 17:01 | Scout Tower | 
| 17:02 | Scout Tower | 
| 17:02 | Scout Tower | 
| 17:02 | Scout Tower | 
| 17:11 | Guard Tower | 
| 17:17 | Arcane Tower | 
| 17:17 | Arcane Tower | 
| 17:20 | Arcane Tower | 
| 17:49 | Arcane Tower | 
| 17:53 | Guard Tower | 
| 18:02 | Brilliance Aura | 
| 18:09 | Guard Tower | 
| 18:17 | Guard Tower | 
| 18:18 | Guard Tower | 
| 18:23 | Advanced Masonry | 
| 19:40 | Holy Light | 
| 21:22 | Bash | 
| 22:10 | Guard Tower | 
| Right click | 1771 | 
| Select | 476 | 
| Select group | 345 | 
| Build/train/purchase | 339 | 
| Chat | 172 | 
| Use ability | 53 | 
| Assign group | 38 | 
| Misc. action | 19 | 
| Resource trade | 13 | 
| Item give/drop | 10 | 
| Minimap ping | 8 | 



 
                         
                             
                             
                         
                             
                             
                         
                             
                            | Orb of Venom | 1 | 325 | 
| Boots of Speed | 3 | 750 | 
| Staff of Teleportation | 2 | 300 | 
| Circlet of Nobility | 1 | 175 | 
| Staff of Sanctuary | 1 | 250 | 
| Orb of Lightning | 1 | 375 | 
| total: | 9 | 2175g | 
| Wisp | 28 | 1680 | / | 0 | 
| total: | 28 | 1680g | / | 0w | 
| Altar of Elders | 3 | 540 | / | 150 | 
| Moon Well | 14 | 2520 | / | 560 | 
| Ancient of Wonders | 1 | 90 | / | 30 | 
| Tree of Life | 1 | 340 | / | 185 | 
| Hunter's Hall | 1 | 210 | / | 100 | 
| Tree of Ages | 1 | 320 | / | 180 | 
| Tree of Eternity | 1 | 330 | / | 200 | 
| total: | 20 | 3700g | / | 1025w | 
| 0:03 | Wisp | 
| 0:03 | Wisp | 
| 0:04 | Altar of Elders | 
| 0:09 | Altar of Elders | 
| 0:17 | Moon Well | 
| 0:34 | Wisp | 
| 0:34 | Wisp | 
| 1:00 | Wisp | 
| 1:05 | Moon Well | 
| 1:18 | Wisp | 
| 1:28 | Wisp | 
| 1:34 | Wisp | 
| 1:36 | Wisp | 
| 1:47 | Wisp | 
| 2:05 | Wisp | 
| 2:08 | Shadow Strike | 
| 2:19 | Wisp | 
| 2:32 | Wisp | 
| 2:41 | Ancient of Wonders | 
| 2:52 | Wisp | 
| 3:15 | Wisp | 
| 3:17 | Wisp | 
| 3:47 | Wisp | 
| 3:47 | Wisp | 
| 4:11 | Wisp | 
| 5:26 | Blink | 
| 5:28 | Tree of Ages | 
| 5:32 | Tree of Life | 
| 5:57 | Moon Well | 
| 6:48 | Moon Well | 
| 6:49 | Moon Well | 
| 8:02 | Wisp | 
| 8:03 | Wisp | 
| 8:04 | Wisp | 
| 8:04 | Wisp | 
| 8:05 | Wisp | 
| 8:05 | Wisp | 
| 8:05 | Wisp | 
| 8:50 | Entangling Roots | 
| 8:58 | Wisp | 
| 8:58 | Wisp | 
| 9:59 | Boots of Speed | 
| 10:24 | Tree of Eternity | 
| 10:26 | Nature's Blessing | 
| 10:51 | Shadow Strike | 
| 11:48 | Moon Well | 
| 13:00 | Thorns Aura | 
| 13:20 | Moon Well | 
| 13:22 | Moon Well | 
| 13:23 | Moon Well | 
| 13:24 | Moon Well | 
| 13:30 | Hunter's Hall | 
| 13:48 | Staff of Sanctuary | 
| 13:59 | Orb of Venom | 
| 15:00 | Moon Well | 
| 15:02 | Moon Well | 
| 15:24 | Frost Arrows | 
| 15:40 | Boots of Speed | 
| 15:40 | Boots of Speed | 
| 15:41 | Staff of Teleportation | 
| 15:41 | Circlet of Nobility | 
| 16:04 | Staff of Teleportation | 
| 16:17 | Altar of Elders | 
| 16:50 | Well Spring | 
| 16:50 | Ultravision | 
| 17:07 | Orb of Lightning | 
| 17:39 | Moon Well | 
| 17:41 | Moon Well | 
| 19:25 | Entangling Roots | 
| 20:17 | Forked Lightning | 
| 20:39 | Blink | 
| Right click | 1546 | 
| Select | 402 | 
| Select group | 296 | 
| Misc. action | 168 | 
| Resource trade | 163 | 
| Build/train/purchase | 66 | 
| Chat | 56 | 
| Use ability | 54 | 
| Item give/drop | 8 | 
| Minimap ping | 5 | 
| Assign group | 4 | 
 134 units @ 22.2k
            
            
                134 units @ 22.2k  / 3.1k
 / 3.1k  49 buildings @ 7k
            
            
                49 buildings @ 7k  / 3.1k
 / 3.1k  
            
        
 
                         
                             
                            | Healing Salve | 2 | 200 | 
| Orb of Lightning | 1 | 375 | 
| total: | 3 | 575g | 
| Peon | 5 | 375 | / | 0 | 
| Grunt | 17 | 3400 | / | 0 | 
| Kodo Beast | 1 | 255 | / | 60 | 
| Wind Rider | 2 | 530 | / | 80 | 
| Demolisher | 8 | 1760 | / | 400 | 
| Tauren | 4 | 1120 | / | 320 | 
| total: | 37 | 7440g | / | 860w | 
| Watch Tower | 2 | 220 | / | 160 | 
| Altar of Storms | 1 | 180 | / | 50 | 
| Orc Burrow | 6 | 960 | / | 240 | 
| Barracks | 2 | 360 | / | 100 | 
| War Mill | 1 | 205 | / | 0 | 
| Voodoo Lounge | 1 | 130 | / | 30 | 
| Beastiary | 1 | 145 | / | 140 | 
| Tauren Totem | 1 | 135 | / | 155 | 
| Stronghold | 1 | 315 | / | 190 | 
| Fortress | 1 | 325 | / | 190 | 
| total: | 15 | 2335g | / | 875w | 
| 0:02 | Altar of Storms | 
| 0:03 | Orc Burrow | 
| 0:04 | Peon | 
| 0:04 | Peon | 
| 0:33 | Peon | 
| 0:42 | Barracks | 
| 0:48 | Peon | 
| 0:58 | Peon | 
| 1:20 | Orc Burrow | 
| 1:43 | Grunt | 
| 1:57 | War Mill | 
| 2:15 | Voodoo Lounge | 
| 2:25 | Critical Strike | 
| 2:30 | Grunt | 
| 2:47 | Orc Burrow | 
| 3:05 | Grunt | 
| 3:25 | Grunt | 
| 3:44 | Wind Walk | 
| 3:54 | Stronghold | 
| 4:13 | Watch Tower | 
| 4:28 | Grunt | 
| 4:52 | Grunt | 
| 5:25 | Grunt | 
| 5:26 | Steel Armor | 
| 6:07 | Grunt | 
| 6:13 | Orc Burrow | 
| 6:20 | Beastiary | 
| 6:45 | Healing Salve | 
| 6:54 | Berserker Strength | 
| 6:55 | Grunt | 
| 7:25 | Kodo Beast | 
| 7:36 | Wind Rider | 
| 7:45 | Wind Walk | 
| 9:42 | Critical Strike | 
| 10:04 | Fortress | 
| 10:08 | Orc Burrow | 
| 10:12 | Healing Salve | 
| 10:22 | Thorium Armor | 
| 10:36 | Watch Tower | 
| 11:09 | Orc Burrow | 
| 11:10 | Grunt | 
| 11:10 | Grunt | 
| 11:11 | Wind Rider | 
| 14:21 | Grunt | 
| 14:21 | Grunt | 
| 14:24 | Tauren Totem | 
| 14:58 | Demolisher | 
| 14:59 | Demolisher | 
| 15:00 | Demolisher | 
| 15:29 | Barracks | 
| 15:41 | Tauren | 
| 15:41 | Tauren | 
| 16:28 | Tauren | 
| 16:32 | Demolisher | 
| 17:05 | Demolisher | 
| 17:38 | Orb of Lightning | 
| 17:45 | Demolisher | 
| 17:47 | Demolisher | 
| 18:41 | Demolisher | 
| 19:31 | Tauren | 
| 20:53 | Grunt | 
| 20:53 | Grunt | 
| 21:57 | Grunt | 
| 21:57 | Grunt | 
| Right click | 595 | 
| Select | 277 | 
| Misc. action | 201 | 
| Select group | 160 | 
| Build/train/purchase | 72 | 
| Assign group | 10 | 
| Use ability | 9 | 
| Item give/drop | 2 | 
| Remove unit | 2 | 
| Minimap ping | 1 | 

 
                         
                            | Scroll of Regeneration | 1 | 100 | 
| Potion of Mana | 1 | 200 | 
| total: | 2 | 300g | 
| Peasant | 17 | 1275 | / | 0 | 
| Footman | 4 | 540 | / | 0 | 
| Rifleman | 9 | 1845 | / | 270 | 
| Priest | 2 | 270 | / | 20 | 
| Sorceress | 2 | 310 | / | 40 | 
| Gryphon Rider | 9 | 2520 | / | 630 | 
| total: | 43 | 6760g | / | 960w | 
| Scout Tower | 2 | 60 | / | 40 | 
| Arcane Tower | 1 | 70 | / | 50 | 
| Guard Tower | 1 | 70 | / | 50 | 
| Altar of Kings | 1 | 180 | / | 50 | 
| Farm | 8 | 640 | / | 160 | 
| Barracks | 1 | 160 | / | 60 | 
| Blacksmith | 1 | 140 | / | 60 | 
| Arcane Vault | 1 | 130 | / | 30 | 
| Lumber Mill | 1 | 120 | / | 0 | 
| Arcane Sanctum | 2 | 300 | / | 280 | 
| Gryphon Aviary | 2 | 280 | / | 300 | 
| Keep | 1 | 320 | / | 210 | 
| Castle | 1 | 360 | / | 210 | 
| total: | 19 | 2010g | / | 980w | 
| 0:07 | Altar of Kings | 
| 0:10 | Farm | 
| 0:12 | Peasant | 
| 0:12 | Peasant | 
| 0:12 | Peasant | 
| 0:32 | Barracks | 
| 0:45 | Peasant | 
| 0:54 | Farm | 
| 1:09 | Peasant | 
| 1:29 | Peasant | 
| 1:34 | Farm | 
| 1:37 | Peasant | 
| 1:43 | Footman | 
| 1:57 | Footman | 
| 2:11 | Footman | 
| 2:14 | Summon Water Elemental | 
| 2:21 | Farm | 
| 2:45 | Blacksmith | 
| 2:59 | Arcane Vault | 
| 3:10 | Farm | 
| 4:08 | Peasant | 
| 4:08 | Peasant | 
| 4:27 | Scroll of Regeneration | 
| 4:35 | Peasant | 
| 4:47 | Footman | 
| 4:59 | Keep | 
| 5:03 | Rifleman | 
| 5:03 | Rifleman | 
| 5:04 | Rifleman | 
| 5:17 | Farm | 
| 6:42 | Rifleman | 
| 6:43 | Rifleman | 
| 6:52 | Scout Tower | 
| 7:20 | Peasant | 
| 7:21 | Peasant | 
| 7:21 | Peasant | 
| 7:22 | Peasant | 
| 8:28 | Arcane Tower | 
| 8:58 | Rifleman | 
| 9:08 | Peasant | 
| 9:09 | Peasant | 
| 9:39 | Arcane Sanctum | 
| 10:13 | Farm | 
| 10:40 | Arcane Sanctum | 
| 10:55 | Black Gunpowder | 
| 10:56 | Studded Leather Armor | 
| 11:45 | Peasant | 
| 12:00 | Lumber Mill | 
| 12:01 | Priest | 
| 12:02 | Sorceress | 
| 13:11 | Castle | 
| 13:21 | Improved Lumber Harvesting | 
| 15:17 | Potion of Mana | 
| 15:46 | Farm | 
| 16:00 | Gryphon Aviary | 
| 16:34 | Scout Tower | 
| 16:48 | Rifleman | 
| 16:48 | Rifleman | 
| 16:48 | Rifleman | 
| 16:55 | Gryphon Aviary | 
| 17:01 | Storm Hammers | 
| 17:02 | Gryphon Rider | 
| 17:03 | Gryphon Rider | 
| 17:03 | Gryphon Rider | 
| 17:09 | Guard Tower | 
| 17:21 | Sorceress | 
| 17:21 | Priest | 
| 17:35 | Gryphon Rider | 
| 17:38 | Gryphon Rider | 
| 17:55 | Improved Masonry | 
| 18:27 | Gryphon Rider | 
| 18:45 | Gryphon Rider | 
| 21:03 | Gryphon Rider | 
| 22:02 | Gryphon Rider | 
| Right click | 441 | 
| Select | 290 | 
| Build/train/purchase | 64 | 
| Chat | 7 | 
| Use ability | 3 | 
| Remove unit | 3 | 

 
                         
                             
                            | Moonstone | 1 | 50 | 
| total: | 1 | 50g | 
| Wisp | 20 | 1200 | / | 0 | 
| Huntress | 5 | 975 | / | 100 | 
| Druid of the Talon | 9 | 1305 | / | 180 | 
| Mountain Giant | 8 | 2800 | / | 800 | 
| Archer | 7 | 910 | / | 70 | 
| Hippogryph | 5 | 800 | / | 100 | 
| total: | 54 | 7990g | / | 1250w | 
| Altar of Elders | 1 | 180 | / | 50 | 
| Moon Well | 6 | 1080 | / | 240 | 
| Hunter's Hall | 1 | 210 | / | 100 | 
| Ancient of War | 1 | 150 | / | 60 | 
| Ancient of Wonders | 1 | 90 | / | 30 | 
| Tree of Life | 1 | 340 | / | 185 | 
| Ancient of Wind | 2 | 300 | / | 280 | 
| Ancient of Lore | 2 | 310 | / | 290 | 
| Tree of Ages | 1 | 320 | / | 180 | 
| Tree of Eternity | 1 | 330 | / | 200 | 
| total: | 15 | 2660g | / | 1235w | 
| 0:04 | Wisp | 
| 0:06 | Altar of Elders | 
| 0:11 | Moon Well | 
| 0:11 | Wisp | 
| 0:19 | Wisp | 
| 0:43 | Wisp | 
| 1:03 | Hunter's Hall | 
| 1:09 | Wisp | 
| 1:16 | Wisp | 
| 1:35 | Wisp | 
| 1:50 | Ancient of War | 
| 1:52 | Wisp | 
| 2:07 | Entangling Roots | 
| 2:12 | Moon Well | 
| 2:53 | Huntress | 
| 2:56 | Tree of Ages | 
| 3:07 | Huntress | 
| 3:29 | Huntress | 
| 3:52 | Moon Well | 
| 4:04 | Huntress | 
| 4:33 | Thorns Aura | 
| 5:03 | Moon Well | 
| 5:06 | Huntress | 
| 5:19 | Tree of Eternity | 
| 5:25 | Ancient of Wind | 
| 6:05 | Entangling Roots | 
| 6:13 | Ancient of Wind | 
| 6:18 | Ancient of Wonders | 
| 6:32 | Druid of the Talon Adept Training | 
| 6:51 | Ancient of Lore | 
| 7:22 | Druid of the Talon | 
| 7:42 | Wisp | 
| 7:42 | Wisp | 
| 7:42 | Wisp | 
| 7:58 | Moonstone | 
| 8:13 | Druid of the Talon Master Training | 
| 8:20 | Wisp | 
| 8:27 | Druid of the Talon | 
| 8:47 | Druid of the Talon | 
| 8:54 | Reinforced Hides | 
| 9:10 | Mountain Giant | 
| 9:21 | Druid of the Talon | 
| 9:25 | Moon Well | 
| 10:06 | Druid of the Talon | 
| 10:16 | Tree of Life | 
| 10:25 | Druid of the Talon | 
| 10:54 | Mountain Giant | 
| 11:06 | Druid of the Talon | 
| 11:41 | Improved Reinforced Hides | 
| 13:19 | Advanced Reinforced Hides | 
| 14:23 | Thorns Aura | 
| 14:35 | Mountain Giant | 
| 14:35 | Mountain Giant | 
| 14:36 | Druid of the Talon | 
| 14:36 | Druid of the Talon | 
| 14:38 | Wisp | 
| 15:14 | Mountain Giant | 
| 15:22 | Wisp | 
| 15:22 | Wisp | 
| 15:22 | Wisp | 
| 15:23 | Wisp | 
| 15:25 | Wisp | 
| 15:33 | Ancient of Lore | 
| 15:43 | Archer | 
| 15:46 | Hippogryph | 
| 16:59 | Mountain Giant | 
| 17:04 | Hippogryph | 
| 17:06 | Archer | 
| 17:06 | Archer | 
| 17:07 | Hippogryph | 
| 17:11 | Wisp | 
| 17:13 | Wisp | 
| 17:16 | Moon Well | 
| 19:22 | Mountain Giant | 
| 19:47 | Archer | 
| 19:47 | Archer | 
| 19:48 | Hippogryph | 
| 19:48 | Hippogryph | 
| 19:49 | Archer | 
| 19:49 | Archer | 
| 20:56 | Mountain Giant | 
| Right click | 810 | 
| Select group | 571 | 
| Select | 362 | 
| Build/train/purchase | 89 | 
| Chat | 48 | 
| Misc. action | 36 | 
| Use ability | 32 | 
| Assign group | 26 | 
| Minimap ping | 11 | 
| Esc | 4 | 
| Item give/drop | 1 | 
 
 
